 Dungeon Crawl Stone Soup version 0.30.0-3-ga4e48a9924 (webtiles) character file.

Game seed: 12672910074750020113

25 Sabo the Shield-Bearer (level 3, -3/19 HPs)
             Began as a Vine Stalker Fighter on May 7, 2023.
             Slain by a worm (5 damage)
             ... on level 2 of the Dungeon.
             The game lasted 00:06:30 (1392 turns).

Sabo the Shield-Bearer (Vine Stalker Fighter)       Turns: 1392, Time: 00:06:31

Health: -3/19      AC:  6    Str: 20    XL:     3   Next: 6%
Magic:  0/4        EV:  8    Int: 14    God:
Gold:   40         SH:  8    Dex: 13    Spells: 2/2 levels left

rFire   . . .        a - +0 war axe
rCold   . . .        e - +0 kite shield
rNeg    . . .        b - +0 scale mail
rPois   .            (no helmet)
rElec   .            (no cloak)
rCorr   .            (no gloves)
SInv    .            (no boots)
Will    .....        (no amulet) Stlth
                     h - +6 ring of intelligence
HPRegen 0.23/turn    (no ring)
MPRegen 0.09/turn

%: guardian spirit
@: no status effects
A: fangs 2, magic shield, antimagic bite, no potion heal 2
a: no special abilities


You were on level 2 of the Dungeon.
You visited 1 branch of the dungeon, and saw 2 of its levels.

You collected 40 gold pieces.

Inventory:

Hand Weapons
 a - a +0 war axe (weapon)
 l - a +0 sling
Missiles
 k - a throwing net (quivered)
Armour
 b - a +0 scale mail (worn)
 e - a +0 kite shield (worn)
Jewellery
 h - a +6 ring of intelligence (left hand)
Scrolls
 f - a scroll of fear
 j - a scroll of poison {unknown}
Potions
 d - a potion of might
 g - a potion of heal wounds {unknown}


   Skills:
 + Level 2.9 Fighting
 + Level 2.0 Axes
 + Level 2.7 Armour
 + Level 3.0 Shields


You had 2 spell levels left.
You didn't know any spells.
Your spell library was empty.

Dungeon Overview and Level Annotations

Branches:
Dungeon (2/15)

Altars:


Innate Abilities, Weirdness & Mutations

You have extremely sharp teeth.
When hurt, damage is shared between your health and your magic reserves.
Your bite disrupts and absorbs the magic of your enemies.
Potions cannot restore your health.


Message History

The worm barely misses you.
You hit the worm. You bite the worm, but do no damage.
The worm is lightly wounded.
You barely miss the worm.
The worm is lightly wounded.
The worm bites you but does no damage.
You hit the worm.
The worm is lightly wounded.
The worm closely misses you.
You hit the worm. You bite the worm, but do no damage.
The worm is moderately wounded.
You block the worm's attack.
You slash the worm! You bite the worm.
You kill the worm!
Your Shields skill increases to level 3!
You have reached level 3!
Your experience leads to an increase in your attributes!
Your base attributes are Str 18, Int 8, Dex 13.
Increase (S)trength, (I)ntelligence, or (D)exterity?
You feel stronger. x2
You hit the worm. Your bite misses the worm.
The worm is lightly wounded.
The worm barely misses you.
You hit the worm. Your bite misses the worm.
The worm is lightly wounded.
The worm bites you!
You hit the worm. You bite the worm. You drain its power.
You feel invigorated.
The worm is heavily wounded.
The worm bites you.
You barely miss the worm.
The worm is heavily wounded.
The worm bites you!
* * * LOW HITPOINT WARNING * * *
You hit the worm.
The worm is severely wounded.
The worm closely misses you.
You hit the worm.
The worm is almost dead.
The worm bites you.
You die...

#.. (# #.. .#
..#+##.## ##≈≈≈≈≈≈≈
#.......# #.# .....
##..~~...##.#.##.....
#....~......#........
# #@#.# #........
#..###w#.####........
#.........#..........
#.####.####........#
#..................#
#.....#####......#.#
#..... #..........#
#..... #)##...#.....
#..... #.###...#####


You could see a worm.

Vanquished Creatures
  A worm (D:2)
  A dart slug (D:1)
  3 endoplasms (D:1)
  A giant cockroach (D:1)
  2 goblins (D:1)
  2 hobgoblins (D:1)
  2 quokkas
  2 ball pythons (D:1)
  A frilled lizard (D:2)
  2 kobolds
  2 rats (D:1)
19 creatures vanquished.

Notes
Turn   | Place    | Note
-------+----------+-------------------------------------------
     0 | D:1      | Sabo the Vine Stalker Fighter began the quest for the Orb.
     0 | D:1      | Reached XP level 1. HP: 11/11 MP: 2/2
   561 | D:1      | Reached XP level 2. HP: 11/16 MP: 3/3
  1387 | D:2      | Reached skill level 3 in Shields
  1387 | D:2      | Reached XP level 3. HP: 15/19 MP: 2/4
  1392 | D:2      | Slain by a worm

Illustrated notes

Levels and vault maps discovered:
D:1:      nicolae_arrival_somewhat_less_tricky_arrival, layout_basic,
          minmay_misc_feat_hallway, serial_park_tiny_2,
          nicolae_figureground_pulse
D:2:      minmay_skewed_foursquare, layout_basic, chequers_serial_rivers_micro_e

Skill      XL: |  1  2 |
---------------+-------+-----
Axes           | 2 |  2.0
Shields        | 3 |  3.0
Fighting       | |  2.9
Armour         | |  2.7

Action                     || total
---------------------------++-------
  Melee: War axe           ||    55
         Bite              ||     9
    Use: Scroll            ||     2
 Armour: Scale mail        ||    18
  Dodge: Dodged            ||    18
  Block: Kite shield       ||    16
